 Dungeon Crawl Stone Soup version 0.23.2 (webtiles) character file.

Game seed: 17446141104533228552

187 Gingko the Magician (level 5, -5/31 HPs)
             Began as an Octopode Wizard on Apr 6, 2019.
             Was a Follower of Qazlal.
             Slain by a worker ant (6 damage)
             ... on level 4 of the Dungeon.
             The game lasted 00:17:21 (3622 turns).

Gingko the Magician (Octopode Wizard)               Turns: 3622, Time: 00:17:21

Health: -5/31      AC:  1    Str:  6    XL:     5   Next: 66%
Magic:  3/11       EV: 13    Int: 21    God:    Qazlal [*.....]
Gold:   72         SH:  1    Dex: 11    Spells: 7/12 levels left

rFire    . . .     SeeInvis .   e - +0 mace
rCold    . . .     Gourm    .   (no shield)
rNeg     . . .     Faith    .   a - +0 hat
rPois    .         Spirit   .   (no amulet)
rElec    .         Reflect  .   (no ring)
rCorr    .         Harm     .   (no ring)
MR       .....                  (no ring)
Stlth    +++.......             (no ring)
HPRegen  0.10/turn              (no ring)
MPRegen  0.12/turn              (no ring)
                                (no ring)
                                (no ring)

@: lethally poisoned (-5 -> -31)
A: almost no armour, stealthy swim, amphibious, 8 rings, constrict 8, camouflage
1, gelatinous body 1
a: Renounce Religion


You were on level 4 of the Dungeon.
You worshipped Qazlal.
Qazlal was aware of your devotion.
You were very hungry.

You visited 1 branch of the dungeon, and saw 4 of its levels.

You collected 72 gold pieces.

Inventory:

Hand Weapons
 e - a +0 mace (weapon)
Missiles
 d - 80 stones (quivered)
 g - 2 throwing nets
 n - 41 arrows
Armour
 a - a +0 hat (worn)
Jewellery
 p - an uncursed ring of wizardry {unknown}
 q - an uncursed amulet of magic regeneration {unknown}
Wands
 r - a wand of acid (4)
Scrolls
 b - a scroll of immolation {unknown}
 f - a scroll of enchant armour {unknown}
 m - 3 scrolls of teleportation {unknown}
 o - 2 scrolls of identify {unknown}
 t - a scroll of random uselessness {unknown}
 u - a scroll of fear {unknown}
 w - a scroll of enchant weapon {unknown}
 x - 2 scrolls of magic mapping {unknown}
Potions
 h - 2 potions of curing {unknown}
 i - a potion of might {unknown}
 j - a potion of brilliance {unknown}
 k - a potion of agility {unknown}
 l - 2 potions of flight {unknown}
 v - a potion of lignification {unknown}
 z - a potion of degeneration {unknown}
Comestibles
 c - 8 rations


   Skills:
 - Level 2.0 Dodging
 - Level 3.0 Stealth
 - Level 4.0 Spellcasting
 + Level 3.5 Conjurations
 - Level 1.0 Summonings
 - Level 1.0 Translocations
 + Level 2.4 Invocations


You had 7 spell levels left.
You knew the following spells:

 Your Spells              Type           Power        Failure   Level  Hunger
a - Magic Dart            Conj           ###.         2%          1    None
b - Blink                 Tloc           N/A          12%         2    #......
c - Call Imp              Summ           #.......     12%         2    #......

Your spell library contained the following spells:

 Spells                   Type           Power        Failure   Level  Hunger
 Conjure Flame            Conj/Fire      ##......     17%         3    ###....
 Slow                     Hex            #.......     19%         2    #......
 Mephitic Cloud           Conj/Pois/Air  #.......     22%         3    ###....


Dungeon Overview and Level Annotations

Branches:
Dungeon (4/15)             Temple (0/1) D:4

Altars:
Makhleb
Qazlal
Trog
Uskayaw

Annotations:
D:4 exclusions: hungry ghost and 2 more exclusions


Innate Abilities, Weirdness & Mutations

You cannot wear most types of armour.
You are very stealthy in the water. (Stealth+)
You are amphibious.
You can wear up to eight rings at the same time.
You can use your tentacles to constrict eight enemies at once.
Your skin changes colour to match your surroundings (Stealth+).
Your rubbery body absorbs attacks. (AC +1, EV +1)


Message History

The magic dart hits the worker ant but does no damage.
The worker ant is severely wounded.
* * * LOW HITPOINT WARNING * * *
You feel sick. The worker ant bites you.
* * * LOW HITPOINT WARNING * * *
You are more poisoned.
The worker ant poisons you! The worker ant bites you.
* * * LOW HITPOINT WARNING * * *
You are more poisoned.
The worker ant poisons you!
Casting: Magic Dart (safe; 2% risk of failure)
Confirm with . or Enter, or press ? or * to list all spells.
Aiming: Magic Dart (safe; 2% risk of failure)
Press: ? - help, Shift-Dir - straight line, f/p - worker ant
Aim: a worker ant (severely wounded)
The magic dart hits the worker ant but does no damage.
The worker ant is severely wounded.
* * * LOW HITPOINT WARNING * * *
You feel sick. The worker ant bites you.
You die...

....... ...(...
....... ..
#..... #.##
..... ..... (
... ..... # ...
#.##...... .
....##.@#......
.
.......†a......
.
...............
.
.....#..?......
.
...............
.
...............
#
....##....!....
. ....
#......... #
... ..........


You could see a worker ant.

Vanquished Creatures
  A hound (D:2)
  2 centaur skeletons (D:4)
  A worker ant (D:4)
  2 adders
  2 oozes (D:3)
  A worm (D:3)
  A leopard gecko (D:1)
  An orc (D:3)
  8 bats
  5 giant cockroaches
  6 hobgoblins
  A ball python (D:2)
  A frilled lizard (D:2)
  13 goblins
  6 kobolds
  9 rats
60 creatures vanquished.

Notes
Turn   | Place    | Note
-------+----------+-------------------------------------------
     0 | D:1      | Gingko the Octopode Wizard began the quest for the Orb.
     0 | D:1      | Reached XP level 1. HP: 11/11 MP: 4/4
   236 | D:1      | Reached XP level 2. HP: 14/17 MP: 6/6
  1029 | D:1      | Reached XP level 3. HP: 20/21 MP: 4/8
  1506 | D:2      | Learned a level 2 spell: Blink
  1509 | D:2      | Learned a level 2 spell: Call Imp
  1690 | D:2      | Found a stormy altar of Qazlal.
  1691 | D:2      | Found a bloodstained altar of Trog.
  1691 | D:2      | Found a hide-covered altar of Uskayaw.
  1703 | D:2      | Became a worshipper of Qazlal Stormbringer
  1931 | D:2      | Found a burning altar of Makhleb.
  1942 | D:2      | Reached skill level 4 in Spellcasting
  1942 | D:2      | Reached XP level 4. HP: 18/27 MP: 2/10
  2292 | D:2      | Found a faded altar of an unknown god.
  2826 | D:3      | Reached skill level 1 in Invocations
  3132 | D:3      | Reached * piety under Qazlal
  3282 | D:4      | Found a staircase to the Ecumenical Temple.
  3282 | D:4      | Noticed a hungry ghost
  3324 | D:4      | Reached XP level 5. HP: 10/31 MP: 7/11
  3622 | D:4      | HP: 1/31 [poisoned by a worker ant]
  3622 | D:4      | Slain by a worker ant

Skill      XL: |  1  2  3  4  5 |
---------------+----------------+-----
Stealth        | 3 |  3.0
Conjurations   | 2 3 |  3.5
Spellcasting   | 4 |  4.0
Invocations    | 1 2 |  2.4
Dodging        | |  2.0
Summonings     | |  1.0
Translocations | |  1.0

Action                   |  1- 3 |  4- 6 || total
-------------------------+-------+-------++-------
Melee: Unarmed           |     7 |       ||     7
       Mace              |    25 |    10 ||    35
       Constrict         |     8 |     2 ||    10
       Tentacles         |     2 |       ||     2
 Cast: Magic Dart        |    62 |    65 ||   127
       Call Imp          |     5 |       ||     5
 Stab: Sleeping          |     2 |       ||     2
  Eat: Chunk             |     3 |     4 ||     7
Armor: Skin              |     7 |     1 ||     8
Dodge: Dodged            |    42 |    17 ||    59
Block: Other             |       |     1 ||     1
